AoeStats
← ajanderson120

African Clearing

510633410Analyzed
4v4 RM · 2d ago on Oct 1, 2026· 54m 13s· 8 players
Game mode
Random Map
Map size
Large (8 player)
Population
200
Speed
Normal
Resources
Standard
Victory
Conquest
Starting age
Dark Age
Ending age
Imperial Age
RankedLock teamsTeams togetherTeam positionsShared explorationLock speedFull tech treeHidden civsTurbo modeCheats
Victory
Defeat
🇨🇴 Hindustanis · Colombia
1245
+15
🇺🇸 Huns · United States
1209
+17
🇺🇸 Koreans · United States
1191
+17
🇺🇸 Malians · United States
1179
+18
🇫🇷 Malians · France
1262
-18
🇩🇪 Mongols · Germany
1254
-18
🇧🇷 Lithuanians · Brazil
1253
-18
🇦🇷 Saxons · Argentina
1123
-13
hungrybeastanimal
5:53 Loom
12:40 Feudal Age
13:30 Double-Bit Axe
16:45 Horse Collar
18:04 Wheelbarrow
21:29 Bloodlines
23:29 Castle Age
22:01 Bloodlines
21:54 Padded Archer Armor
21:49 Fletching
24:13 Bodkin Arrow
24:20 Husbandry
24:48 Bow Saw
25:41 Ballistics
25:58 Thumb Ring
33:25 Heavy Plow
46:24 Imperial Age
48:24 Chemistry
47:59 Bracer
ajanderson120
11:58 Feudal Age
10:14 Loom
13:03 Double-Bit Axe
13:00 Horse Collar
19:43 Castle Age
20:27 Scale Mail Armor
22:55 Bow Saw
23:42 Gold Mining
27:54 Wheelbarrow
27:45 Squires
27:46 Stone Mining
28:14 Arson
28:43 Forging
29:37 Husbandry
30:44 Chain Mail Armor
30:20 Pikeman
31:47 Heavy Plow
32:14 Light Cavalry
34:15 Hand Cart
36:28 Gold Shaft Mining
39:55 Imperial Age
37:11 Town Watch
37:20 Fletching
38:26 Iron Casting
37:41 Fletching
38:39 Treadmill Crane
38:55 Murder Holes
39:20 Ballistics
39:49 Bodkin Arrow
41:14 Plate Mail Armor
41:07 Conscription
40:12 Elite Fire Lancer
42:08 Chemistry
41:17 Arrowslits
41:54 Bracer
43:24 Two-Man Saw
43:17 Masonry
44:06 Stone Shaft Mining
43:17 Halberdier
43:38 Crossbowman
45:05 Arbalester
45:51 Eupseong
46:42 Thumb Ring
48:24 Guilds
48:45 Coinage
48:58 Cavalier
49:48 Scale Barding Armor
51:37 Chain Barding Armor
51:13 Hussar
52:35 Architecture
52:11 Siege Engineers
53:22 Fortified Wall
Alarich1000
2:52 Loom
2:55 Loom
13:40 Feudal Age
15:03 Double-Bit Axe
15:08 Town Watch
16:33 Bloodlines
16:43 Bloodlines
17:10 Forging
17:05 Scale Barding Armor
19:07 Horse Collar
23:58 Wheelbarrow
27:19 Castle Age
25:58 Gold Mining
28:14 Husbandry
28:38 Chain Barding Armor
28:53 Iron Casting
28:32 Bow Saw
28:24 Heavy Plow
33:26 Hand Cart
36:12 Stone Mining
42:06 Imperial Age
40:16 Town Patrol
42:22 Gold Shaft Mining
42:22 Stone Shaft Mining
43:17 Crop Rotation
42:10 Heavy Camel Rider
42:52 Farimba
43:13 Conscription
43:30 Plate Barding Armor
42:59 Cavalier
44:49 Ballistics
45:30 Chemistry
44:26 Murder Holes
44:12 Treadmill Crane
44:48 Elite Gbeto
45:38 Fletching
45:48 Padded Archer Armor
47:25 Bodkin Arrow
47:45 Leather Archer Armor
48:57 Masonry
48:58 Fortified Wall
49:07 Light Cavalry
51:49 Ring Archer Armor
51:20 Scale Mail Armor
Jarp_33
12:33 Feudal Age
14:01 Double-Bit Axe
20:43 Fletching
24:26 Bloodlines
26:22 Castle Age
25:40 Bloodlines
26:38 Forging
26:35 Scale Barding Armor
35:07 Light Cavalry
41:52 Elite Skirmisher
47:32 Wheelbarrow
Mongobongo_17
12:25 Feudal Age
14:35 Loom
17:49 Fletching
29:09 Castle Age
29:49 Pikeman
30:56 Forging
31:57 Bodkin Arrow
32:05 Padded Archer Armor
36:33 Leather Archer Armor
36:52 Bodkin Arrow
47:39 Imperial Age
45:59 Wheelbarrow
48:07 Husbandry
48:18 Bloodlines
47:28 Light Cavalry
52:44 Drill
Thiago89FJ
8:58 Loom
11:58 Feudal Age
12:52 Double-Bit Axe
15:32 Forging
15:50 Horse Collar
17:33 Bloodlines
24:14 Castle Age
24:08 Scale Barding Armor
24:32 Gold Mining
24:33 Stone Mining
25:27 Husbandry
26:47 Wheelbarrow
27:04 Chain Barding Armor
31:39 Town Watch
33:47 Heavy Plow
34:52 Bow Saw
36:44 Iron Casting
40:14 Imperial Age
40:08 Padded Archer Armor
41:31 Leather Archer Armor
41:07 Fletching
40:42 Elite Skirmisher
43:08 Chemistry
42:29 Ballistics
43:02 Cavalier
49:47 Light Cavalry
Rpt
5:24 Loom
15:02 Feudal Age
19:31 Castle Age
18:17 Double-Bit Axe
24:23 Forging
24:13 Scale Mail Armor
26:10 Iron Casting
27:39 Chain Mail Armor
32:05 Gold Mining
33:17 Town Watch
40:12 Imperial Age
42:33 Plate Mail Armor
44:04 Iron Casting
52:05 Conscription
LimAstora2434
5:37 Loom
13:58 Feudal Age
18:16 Castle Age
16:49 Double-Bit Axe
19:44 Scale Barding Armor
20:44 Bloodlines
20:35 Husbandry
20:38 Town Watch
27:22 Wheelbarrow
29:22 Horse Collar
29:56 Bow Saw
32:10 Heavy Plow
33:03 Squires
32:54 Gambesons
33:32 Stone Mining
38:13 Imperial Age
36:27 Coinage
37:04 Ballistics
36:57 Fortified Wall
37:24 Hand Cart
37:42 Town Patrol
37:50 Pikeman
40:18 Conscription
41:02 Scale Mail Armor
41:12 Forging
43:10 Two-Man Saw
42:16 Shield Wall
43:28 Chain Mail Armor
44:46 Arson
46:08 Plate Mail Armor
47:21 Iron Casting
46:37 Fletching
47:00 Masonry
47:10 Treadmill Crane
48:00 Architecture
48:35 Chemistry
47:51 Elite Varangian Guard
49:09 Bodkin Arrow
49:35 Chain Barding Armor
49:15 Padded Archer Armor
48:58 Capped Ram
50:59 Crop Rotation
50:31 Light Cavalry
52:47 Hoardings
52:45 Architecture
52:21 Siege Engineers
52:14 Murder Holes
52:29 Halberdier
Connection lost

Rejoining the realm…

Still unreachable

The connection could not be restored.

Session expired

The server has moved on; the page needs a fresh start.